 Dungeon Crawl Stone Soup version 0.20.1-1-g8b1a95d (console) character file.

97 bli the Magician (level 4, -1/32 HPs)
             Began as a Draconian Wanderer on Aug 9, 2017.
             Was an Initiate of Hepliaklqana.
             Killed by nerve-wracking pain
             ... invoked by an orc priest
              (9 damage)
             ... on level 3 of the Dungeon.
             The game lasted 00:11:50 (2321 turns).

bli the Magician (Draconian Wanderer)               Turns: 2321, Time: 00:11:51

Health: -1/32      AC:  5    Str: 17    XL:     4   Next: 42%
Magic:  17/19      EV: 12    Int: 11    God:    Hepliaklqana [......]
Gold:   182        SH:  0    Dex: 10    Spells: 10/11 levels left

rFire    . . .     SeeInvis .   E - +0 flail
rCold    . . .     Gourm    .   (no shield)
rNeg     . . .     Faith    .   (armour unavailable)
rPois    .         Spirit   .   (helmet restricted)
rElec    .         Reflect  .   (no cloak)
rCorr    .         Harm     .   (no gloves)
MR       .....                  (no boots)
Stlth    ..........             F - amulet of magic regeneration
Regen    0.1/turn               s - ring of loudness (curse)
MPRegen  0.3/turn               B - ring of magical power

@: very slightly contaminated
A: unfitting armour, reduced essence, cold-blooded, AC +5
a: Recall Ancestor, Ancestor Identity, Renounce Religion


You were on level 3 of the Dungeon.
You worshipped Hepliaklqana.
Hepliaklqana was noncommittal.
You were not hungry.

You visited 1 branch of the dungeon, and saw 3 of its levels.

You collected 182 gold pieces.

Inventory:

Hand Weapons
 d - a +0 club
 e - a +0 whip
 o - a +0 hand axe
 q - a +2 dagger of venom
 E - a +0 flail (weapon)
Missiles
 g - 54 stones (quivered)
Armour
 y - a +0 shield
Jewellery
 s - a cursed ring of loudness (left hand)
 B - a ring of magical power (right hand)
 F - an amulet of magic regeneration (around neck)
Wands
 x - a wand of polymorph (7/24)
Scrolls
 i - a scroll of immolation {unknown}
 k - 2 scrolls of enchant weapon {unknown}
 m - 3 scrolls of remove curse {unknown}
 n - a scroll of magic mapping {unknown}
 r - a scroll of amnesia {unknown}
 t - a scroll of fog {unknown}
 w - 3 scrolls of teleportation {unknown}
 A - 3 scrolls of identify {unknown}
Potions
 c - a potion of lignification
 j - 2 potions of agility {unknown}
 u - 2 potions of curing {unknown}
 v - a potion of brilliance {unknown}
 z - a potion of cancellation {unknown}
 C - a potion of mutation {unknown}
Books
 a - a book of Callings

   Spells                             Type                      Level
   a - Summon Small Mammal            Summoning                    1
   b - Call Imp                       Summoning                    2
   c - Call Canine Familiar           Summoning                    3
   d - Summon Guardian Golem          Hexes/Summoning              3
   e - Summon Lightning Spire         Summoning/Air                4
   f - Summon Ice Beast               Ice/Summoning                4
 b - the Catalogue of the Rocks

   Spells                             Type                      Level
   a - Sandblast                      Earth                        1
   b - Stone Arrow                    Conjuration/Earth            3
Comestibles
 f - a bread ration
 h - 3 royal jellies
 l - 5 fruits
 p - a chunk of flesh
 D - 2 meat rations


   Skills:
 * Level 1.9 Fighting
 + Level 1.7 Maces & Flails
 - Level 1.0 Throwing
 * Level 1.7 Dodging
 * Level 1.2 Shields
 + Level 4.1 Spellcasting
 + Level 2.6 Summonings
   Level 2.0 Ice Magic


You had 10 spell levels left.
You knew the following spells:

 Your Spells              Type           Power        Failure   Level  Hunger
m - Summon Small Mammal   Summ           #...         9%          1    #......


Dungeon Overview and Level Annotations

Branches:
Dungeon (3/15)

Altars:
Dithmenos
Fedhas
Hepliaklqana
Uskayaw
Vehumet
Xom


Innate Abilities, Weirdness & Mutations

Your plain brown scales are hard. (AC +5)
You cannot fit into any form of body armour.
You are cold-blooded and may be slowed by cold attacks.
Your life essence is reduced to manifest your ancestor. (-10% HP)


Message History

The orc priest hits your rat with a hand axe.
Your rat dies!
Your rat's corpse disappears in a puff of smoke!
You sock the orc!
You kill the orc!
You closely miss the orc priest.
The orc priest is moderately wounded.
The orc priest hits you with a hand axe.
* * * LOW HITPOINT WARNING * * *
Casting: Summon Small Mammal
Confirm with . or Enter, or press ? or * to list all spells.
You miscast Summon Small Mammal.
You are very lightly contaminated with residual magic.
Nothing appears to happen.
The orc priest barely misses you.
Casting: Summon Small Mammal
Confirm with . or Enter, or press ? or * to list all spells.
The orc priest hits you but does no damage.
The orc priest calls down the wrath of Beogh upon you.
Pain shoots through your body!
You die...

... ##.....#
#.##......######
#..........R.(.#
##........####.#
#..#...#.## #.#
#.#######.# #.#
#..## ##.## #.#
#.#.###..# #.#
#.##.#.#.# #R#
#.###.##.## #.#
##.#.##@#...###.#
#.###r.o........#
# #.#.####...#####
# #.## ##.## # #.#
#.# #### #.# #.#
#..# #.######o#
##.# #.....##.#
.#.#######
#####.##o#
.........#######.#
.#.#####†........#


You could see an orc priest and a friendly rat.

Vanquished Creatures
  An ooze (D:2)
  A worm (D:2)
  A dart slug (D:2)
  2 orcs (D:3)
  2 giant cockroaches (D:1)
  4 goblins
  7 hobgoblins
  3 jackals (D:1)
  5 kobolds
  A quokka (D:3)
  A ball python (D:2)
  2 bats
  3 frilled lizards
  6 rats
39 creatures vanquished.

Vanquished Creatures (collateral kills)
  Terence (D:3)
  An adder (D:3)
  2 worms
  A leopard gecko (D:1)
  A giant cockroach (D:3)
  A goblin (D:2)
  2 hobgoblins
  2 bats
  A frilled lizard (D:2)
  2 kobolds
  2 rats (D:3)
16 creatures vanquished.

Vanquished Creatures (others)
  An ancestor (D:3)
1 creature vanquished.

Grand Total: 56 creatures vanquished

Notes
Turn   | Place    | Note
-------+----------+-------------------------------------------
     0 | D:1      | bli the Draconian Wanderer began the quest for the Orb.
     0 | D:1      | bli set off with: a book of Callings, the Catalogue of the Rocks, a potion of lignification, a +0 club, a bread ration
     0 | D:1      | Reached XP level 1. HP: 14/14 MP: 5/5
     0 | D:1      | Identified the Catalogue of the Rocks
     2 | D:1      | Learned a level 1 spell: Summon Small Mammal
   593 | D:1      | Reached skill level 1 in Fighting
   656 | D:1      | Reached XP level 2. HP: 18/23 MP: 4/7
   866 | D:1      | Reached skill level 1 in Dodging
  1314 | D:2      | Found a radiant altar of Vehumet.
  1333 | D:2      | Reached XP level 3. HP: 26/28 MP: 4/8
  1450 | D:2      | Reached skill level 1 in Maces & Flails
  1488 | D:2      | Found a shadowy altar of Dithmenos.
  1704 | D:2      | Found a shimmering altar of Xom.
  1706 | D:2      | Found a blossoming altar of Fedhas.
  1707 | D:2      | Found a hide-covered altar of Uskayaw.
  1710 | D:2      | Found a hazy altar of Hepliaklqana.
  1763 | D:2      | Became a worshipper of Hepliaklqana the Forgotten
  2144 | D:3      | Noticed Terence
  2176 | D:3      | Killed Terence
  2176 | D:3      | Reached XP level 4. HP: 30/32 MP: 10/10
  2321 | D:3      | Killed from afar by an orc priest

Skill      XL: |  1  2  3 |
---------------+----------+-----
Fighting       | 1 |  1.9
Dodging        | 1 |  1.7
Maces & Flails | 1 |  1.7
Throwing       | |  1.0
Shields        | |  1.2
Spellcasting   | |  4.1
Summonings     | |  2.6
Ice Magic      | |  2.0

Action                   |  1- 3 |  4- 6 || total
-------------------------+-------+-------++-------
Melee: Whip              |   169 |       ||   169
       Tailslap          |    19 |     2 ||    21
       Flail             |       |    23 ||    23
 Cast: Summon Small Mamm |    46 |     7 ||    53
 Stab: Distracted        |     1 |       ||     1
  Eat: Chunk             |     4 |     1 ||     5
Armor: Skin              |    28 |     8 ||    36
Dodge: Dodged            |    96 |    15 ||   111
